| TOP OF THE 1ST |
|
Salem-Keizer Volcanoes batting - Pitching for Brooklyn Cyclones : RHP Morty Rupert
|
|
Pitching: RHP Morty Rupert
|
|
|
Batting: RHB Mike Buchanan
|
0-0: Ball 1-0: Ball 2-0: DOUBLE (Flyball, 78D, EV 111.9 MPH)
|
|
Batting: RHB Lucan Esini
|
0-0: Ball 1-0: Called Strike 1-1: Ball 2-1: Ground out 5-3 (Groundball, 56S, EV 84.4 MPH)
|
|
Batting: RHB Justin Baldwin
|
0-0: Ball 1-0: Ball 2-0: Foul Ball, location: 2F 2-1: Foul Ball, location: 2F 2-2: Foul Ball, location: 2F 2-2: Fly out, F8 (Flyball, 8RD, EV 98.8 MPH)
|
|
Batting: LHB Pat Aviles
|
0-0: Ball 1-0: Foul Ball, location: 2F 1-1: Called Strike 1-2: Ball 2-2: Ball 3-2: Foul Ball, location: 2F 3-2: Strikes out swinging
|
| Top of the 1st over - 0 runs, 1 hit, 0 errors, 1 left on base; Salem-Keizer 0 - Brooklyn 0 |
| BOTTOM OF THE 1ST |
|
Brooklyn Cyclones batting - Pitching for Salem-Keizer Volcanoes : LHP Matt Bagnall
|
|
Pitching: LHP Matt Bagnall
|
|
|
Batting: RHB Tony Oria
|
0-0: Called Strike 0-1: Foul Ball, location: 2F 0-2: Ball 1-2: Foul Ball, location: 2F 1-2: Ball 2-2: Strikes out swinging
|
|
Batting: RHB Edolf Vlemmings
|
0-0: Called Strike 0-1: Foul Ball, location: 2F 0-2: Foul Ball, location: 2F 0-2: Ball 1-2: Foul Ball, location: 2F 1-2: Strikes out swinging
|
|
Batting: LHB Victor Ferrermena
|
0-0: Swinging Strike 0-1: Fly out, F6 (Popup, 4MD, EV 59.4 MPH)
|
| Bottom of the 1st over - 0 runs, 0 hits, 0 errors, 0 left on base; Salem-Keizer 0 - Brooklyn 0 |
| TOP OF THE 2ND |
|
Salem-Keizer Volcanoes batting - Pitching for Brooklyn Cyclones : RHP Morty Rupert
|
|
Batting: RHB Davey Beeson
|
0-0: Ball 1-0: DOUBLE (Flyball, 8LXD, EV 88.8 MPH)
|
|
Batting: LHB Gil Caraveo
|
0-0: Ball 1-0: Called Strike 1-1: Foul Ball, location: 2F 1-2: Fly out, F8 (Line Drive, 8RD, EV 90.6 MPH)
|
|
Batting: RHB Justin Layton
|
0-0: Called Strike 0-1: Swinging Strike 0-2: Foul Ball, location: 2F 0-2: Foul Ball, location: 2F 0-2: Ball 1-2: Ball 2-2: Ground out 6-3 (Groundball, P, EV 85.6 MPH) Davey Beeson to third
|
|
Batting: RHB Gabe Ochoa
|
0-0: Ball 1-0: Foul Ball, location: 2F 1-1: Swinging Strike 1-2: Strikes out swinging
|
| Top of the 2nd over - 0 runs, 1 hit, 0 errors, 1 left on base; Salem-Keizer 0 - Brooklyn 0 |
| BOTTOM OF THE 2ND |
|
Brooklyn Cyclones batting - Pitching for Salem-Keizer Volcanoes : LHP Matt Bagnall
|
|
Batting: RHB Oscar Chairez
|
0-0: Ball 1-0: Ball 2-0: Called Strike 2-1: Ground out U3 (Groundball, 3, EV 77.5 MPH)
|
|
Batting: LHB Adam Barry
|
0-0: Ball 1-0: Foul Ball, location: 2F 1-1: Ball 2-1: Foul Ball, location: 2F 2-2: Foul Ball, location: 2F 2-2: Ground out 6-3 (Groundball, 6D, EV 97.5 MPH)
|
|
Batting: SHB Julio Ramos
|
0-0: Ball 1-0: Ball 2-0: Foul Ball, location: 2F 2-1: Called Strike 2-2: Fly out, F9 (Flyball, 89XD, EV 86.3 MPH)
|
| Bottom of the 2nd over - 0 runs, 0 hits, 0 errors, 0 left on base; Salem-Keizer 0 - Brooklyn 0 |
| TOP OF THE 3RD |
|
Salem-Keizer Volcanoes batting - Pitching for Brooklyn Cyclones : RHP Morty Rupert
|
|
Batting: RHB Willie Sanchez
|
0-0: Foul Ball, location: 2F 0-1: DOUBLE (Flyball, 78D, EV 93.8 MPH)
|
|
Batting: RHB Mike Buchanan
|
0-0: Foul Ball, location: 2F 0-1: Fly out, F8 (Flyball, 78S, EV 96.9 MPH)
|
|
Batting: RHB Lucan Esini
|
0-0: Ball 1-0: Fly out, F3 (Popup, 3F, EV 60.0 MPH)
|
|
Batting: RHB Justin Baldwin
|
0-0: Swinging Strike 0-1: Ball 1-1: Swinging Strike 1-2: Foul Ball, location: 2F 1-2: Ball 2-2: Foul Ball, location: 2F 2-2: Strikes out looking
|
| Top of the 3rd over - 0 runs, 1 hit, 0 errors, 1 left on base; Salem-Keizer 0 - Brooklyn 0 |
| BOTTOM OF THE 3RD |
|
Brooklyn Cyclones batting - Pitching for Salem-Keizer Volcanoes : LHP Matt Bagnall
|
|
Batting: RHB Hyeok Kim
|
0-0: Called Strike 0-1: Ball 1-1: Ball 2-1: Ground out 5-3 (Groundball, 56, EV 103.8 MPH)
|
|
Batting: RHB Jung-keun Bai
|
0-0: Foul Ball, location: 2F 0-1: Ball 1-1: Ball 2-1: SINGLE (Groundball, 6MD, EV 95.0 MPH)
|
|
Batting: RHB Louwe Starmans
|
0-0: Ball 1-0: Swinging Strike 1-1: Grounds into double play, 4-6-3 (Groundball, 4, EV 82.5 MPH)
|
| Bottom of the 3rd over - 0 runs, 1 hit, 0 errors, 0 left on base; Salem-Keizer 0 - Brooklyn 0 |
| TOP OF THE 4TH |
|
Salem-Keizer Volcanoes batting - Pitching for Brooklyn Cyclones : RHP Morty Rupert
|
|
Batting: LHB Pat Aviles
|
0-0: Called Strike 0-1: Ball 1-1: Ball 2-1: Foul Ball, location: 2F 2-2: Foul Ball, location: 2F 2-2: Ball 3-2: Foul Ball, location: 2F 3-2: Foul Ball, location: 2F 3-2: Base on Balls
|
|
Batting: RHB Davey Beeson
|
0-0: Ball Pat Aviles steals 2nd base 1-0: Foul Ball, location: 2F 1-1: Called Strike 1-2: Ball 2-2: Foul Ball, location: 2F 2-2: Strikes out swinging
|
|
Batting: LHB Gil Caraveo
|
0-0: Called Strike Pat Aviles steals 3rd base 0-1: Ball 1-1: Called Strike 1-2: Foul Ball, location: 2F 1-2: Strikes out swinging
|
|
Batting: RHB Justin Layton
|
0-0: Called Strike 0-1: Swinging Strike 0-2: Ball 1-2: Strikes out swinging
|
| Top of the 4th over - 0 runs, 0 hits, 0 errors, 1 left on base; Salem-Keizer 0 - Brooklyn 0 |
| BOTTOM OF THE 4TH |
|
Brooklyn Cyclones batting - Pitching for Salem-Keizer Volcanoes : LHP Matt Bagnall
|
|
Batting: RHB Tony Oria
|
0-0: Foul Ball, location: 2F 0-1: Foul Ball, location: 2F 0-2: Ball 1-2: Ground out 6-3 (Groundball, 56, EV 80.6 MPH)
|
|
Batting: RHB Edolf Vlemmings
|
0-0: Swinging Strike 0-1: Ball 1-1: Ball 2-1: Ground out 6-3 (Groundball, 6M, EV 98.1 MPH)
|
|
Batting: LHB Victor Ferrermena
|
0-0: Ball 1-0: Fly out, F7 (Flyball, 7, EV 83.8 MPH)
|
| Bottom of the 4th over - 0 runs, 0 hits, 0 errors, 0 left on base; Salem-Keizer 0 - Brooklyn 0 |
| TOP OF THE 5TH |
|
Salem-Keizer Volcanoes batting - Pitching for Brooklyn Cyclones : RHP Morty Rupert
|
|
Batting: RHB Gabe Ochoa
|
0-0: Called Strike 0-1: Ball 1-1: SINGLE (Groundball, 34D, EV 100.0 MPH)
|
|
Batting: RHB Willie Sanchez
|
0-0: Fly out, F8 (Flyball, 8RD, EV 91.9 MPH)
|
|
Batting: RHB Mike Buchanan
|
0-0: Ball 1-0: Ball Gabe Ochoa steals 2nd base 2-0: Foul Ball, location: 2F 2-1: SINGLE (Groundball, 6D, EV 100.0 MPH) Gabe Ochoa to third
|
|
Batting: RHB Lucan Esini
|
0-0: Called Strike Mike Buchanan steals 2nd base 0-1: Swinging Strike 0-2: Strikes out swinging
|
|
Batting: RHB Justin Baldwin
|
0-0: Ball 1-0: Foul Ball, location: 2F 1-1: Ball 2-1: DOUBLE (Line Drive, 89XD, EV 108.1 MPH) Gabe Ochoa scores Mike Buchanan scores
|
|
Batting: LHB Pat Aviles
|
0-0: Called Strike 0-1: Swinging Strike 0-2: Strikes out swinging
|
| Top of the 5th over - 2 runs, 3 hits, 0 errors, 1 left on base; Salem-Keizer 2 - Brooklyn 0 |
| BOTTOM OF THE 5TH |
|
Brooklyn Cyclones batting - Pitching for Salem-Keizer Volcanoes : LHP Matt Bagnall
|
|
Batting: RHB Oscar Chairez
|
0-0: Ball 1-0: Called Strike 1-1: Fly out, F5 (Popup, 6S, EV 75.0 MPH)
|
|
Batting: LHB Adam Barry
|
0-0: Ball 1-0: Foul Ball, location: 2F 1-1: Ground out 6-3 (Groundball, 6MS, EV 85.0 MPH)
|
|
Batting: SHB Julio Ramos
|
0-0: Ball 1-0: Foul Ball, location: 2F 1-1: Reached on error, E5 (Groundball, 56S, EV 69.4 MPH)
|
|
Batting: RHB Hyeok Kim
|
0-0: Swinging Strike 0-1: Ball 1-1: Ball 2-1: Called Strike 2-2: Ball 3-2: Strikes out swinging
|
| Bottom of the 5th over - 0 runs, 0 hits, 1 error, 1 left on base; Salem-Keizer 2 - Brooklyn 0 |
| TOP OF THE 6TH |
|
Salem-Keizer Volcanoes batting - Pitching for Brooklyn Cyclones : RHP Morty Rupert
|
|
Batting: RHB Davey Beeson
|
0-0: Called Strike 0-1: Swinging Strike 0-2: Ball 1-2: Fly out, F8 (Flyball, 8RXD, EV 100.6 MPH)
|
|
Batting: LHB Gil Caraveo
|
0-0: Ball 1-0: Ball 2-0: Ball 3-0: Base on Balls
|
|
Batting: RHB Justin Layton
|
0-0: Ball 1-0: Ball Gil Caraveo steals 2nd base 2-0: Ground out 5-3 (Groundball, 56S, EV 85.0 MPH)
|
|
Batting: RHB Gabe Ochoa
|
0-0: SINGLE (Groundball, 6MD, EV 103.1 MPH) Gil Caraveo to third Runner from 3rd tries for Home, SAFE, throw by CF to home
|
|
Batting: RHB Willie Sanchez
|
0-0: Ball 1-0: Ball 2-0: Ground out 6-3 (Groundball, 56D, EV 101.9 MPH)
|
| Top of the 6th over - 1 run, 1 hit, 0 errors, 1 left on base; Salem-Keizer 3 - Brooklyn 0 |
| BOTTOM OF THE 6TH |
|
Brooklyn Cyclones batting - Pitching for Salem-Keizer Volcanoes : LHP Matt Bagnall
|
|
Batting: RHB Jung-keun Bai
|
0-0: Ball 1-0: Ball 2-0: Ball 3-0: Called Strike 3-1: Base on Balls
|
|
Batting: RHB Louwe Starmans
|
0-0: Fly out, F7 (Flyball, 7, EV 86.3 MPH)
|
|
Batting: RHB Tony Oria
|
0-0: Ball 1-0: SINGLE (Groundball, 5D, EV 95.0 MPH) Jung-keun Bai to second
|
|
Batting: RHB Edolf Vlemmings
|
0-0: Ball 1-0: Fly out, F9 (Flyball, 9LD, EV 98.1 MPH)
|
|
Pitching: RHP Lorenzo Merjil
|
|
|
Batting: LHB Victor Ferrermena
|
0-0: Ball 1-0: Foul Ball, location: 2F 1-1: Called Strike 1-2: Ball 2-2: Strikes out swinging
|
| Bottom of the 6th over - 0 runs, 1 hit, 0 errors, 2 left on base; Salem-Keizer 3 - Brooklyn 0 |
| TOP OF THE 7TH |
|
Salem-Keizer Volcanoes batting - Pitching for Brooklyn Cyclones : RHP Morty Rupert
|
|
Pitching: RHP Marvin Merino
|
|
|
Batting: RHB Mike Buchanan
|
0-0: Ball 1-0: Ball 2-0: Foul Ball, location: 2F 2-1: Swinging Strike 2-2: Foul Ball, location: 2F 2-2: Foul Ball, location: 2F 2-2: Ball 3-2: Base on Balls
|
|
Batting: RHB Lucan Esini
|
0-0: Ball 1-0: Ball Wild Pitch! Mike Buchanan to second 2-0: Ball 3-0: Base on Balls
|
|
Batting: RHB Justin Baldwin
|
0-0: Ball 1-0: Grounds into double play, 5-4-3 (Groundball, 56, EV 78.1 MPH) Mike Buchanan to third
|
|
Batting: LHB Pat Aviles
|
0-0: Ball 1-0: Fly out, F9 (Flyball, 89D, EV 100.6 MPH)
|
| Top of the 7th over - 0 runs, 0 hits, 0 errors, 1 left on base; Salem-Keizer 3 - Brooklyn 0 |
| BOTTOM OF THE 7TH |
|
Brooklyn Cyclones batting - Pitching for Salem-Keizer Volcanoes : RHP Lorenzo Merjil
|
|
Batting: RHB Oscar Chairez
|
0-0: Ball 1-0: Ball 2-0: Called Strike 2-1: Called Strike 2-2: Strikes out swinging
|
|
Batting: LHB Adam Barry
|
0-0: Ball 1-0: Ball 2-0: Ball 3-0: Base on Balls
|
|
Batting: SHB Julio Ramos
|
0-0: Ball 1-0: Foul Ball, location: 2F 1-1: Swinging Strike 1-2: Foul Ball, location: 2F 1-2: Strikes out looking
|
|
Batting: RHB Hyeok Kim
|
0-0: Ball 1-0: Foul Ball, location: 2F 1-1: Hit by Pitch Adam Barry to second
|
|
Batting: RHB Jung-keun Bai
|
0-0: Foul Ball, location: 2F 0-1: Ground out 5-3 (Groundball, 56S, EV 88.1 MPH)
|
| Bottom of the 7th over - 0 runs, 0 hits, 0 errors, 2 left on base; Salem-Keizer 3 - Brooklyn 0 |
| TOP OF THE 8TH |
|
Salem-Keizer Volcanoes batting - Pitching for Brooklyn Cyclones : RHP Marvin Merino
|
|
Pitching: RHP Alastair Henry
|
|
|
Batting: RHB Davey Beeson
|
0-0: Called Strike 0-1: Ground out U3 (Groundball, 3, EV 100.0 MPH)
|
|
Batting: LHB Gil Caraveo
|
0-0: Ground out 4-3 (Groundball, 4, EV 91.9 MPH)
|
|
Batting: RHB Justin Layton
|
0-0: Ball 1-0: Called Strike 1-1: Ball 2-1: Ball 3-1: Base on Balls
|
|
Batting: RHB Gabe Ochoa
|
0-0: Called Strike Justin Layton is caught stealing 2nd base 2-4
|
| Top of the 8th over - 0 runs, 0 hits, 0 errors, 0 left on base; Salem-Keizer 3 - Brooklyn 0 |
| BOTTOM OF THE 8TH |
|
Brooklyn Cyclones batting - Pitching for Salem-Keizer Volcanoes : RHP Lorenzo Merjil
|
|
Pitching: RHP Peter Ellis
|
|
|
Batting: RHB Louwe Starmans
|
0-0: Foul Ball, location: 2F 0-1: Ball 1-1: Ball 2-1: Ground out 5-3 (Groundball, 56S, EV 90.6 MPH)
|
|
Pinch Hitting: LHB Kodai Furuki
|
0-0: Called Strike 0-1: Foul Ball, location: 2F 0-2: Foul Ball, location: 2F 0-2: Ball 1-2: Strikes out swinging
|
|
Batting: RHB Edolf Vlemmings
|
0-0: Ball 1-0: Swinging Strike 1-1: Ball 2-1: Ground out 3-1 (Groundball, 34, EV 98.8 MPH)
|
| Bottom of the 8th over - 0 runs, 0 hits, 0 errors, 0 left on base; Salem-Keizer 3 - Brooklyn 0 |
| TOP OF THE 9TH |
|
Salem-Keizer Volcanoes batting - Pitching for Brooklyn Cyclones : RHP Alastair Henry
|
|
Now at 3B: Rongo Olopoto
|
|
|
Batting: RHB Gabe Ochoa
|
0-0: Ball 1-0: Foul Ball, location: 2F 1-1: Ball 2-1: Hit by Pitch
|
|
Batting: RHB Willie Sanchez
|
0-0: Sac Bunt to 13 - play at first, batter OUT! 1-3 Gabe Ochoa to second
|
|
Batting: RHB Mike Buchanan
|
0-0: Foul Ball, location: 2F 0-1: Foul Ball, location: 2F 0-2: Ball 1-2: Strikes out swinging
|
|
Batting: RHB Lucan Esini
|
0-0: Fly out, F9 (Flyball, 89S, EV 81.3 MPH)
|
| Top of the 9th over - 0 runs, 0 hits, 0 errors, 1 left on base; Salem-Keizer 3 - Brooklyn 0 |
| BOTTOM OF THE 9TH |
|
Brooklyn Cyclones batting - Pitching for Salem-Keizer Volcanoes : RHP Peter Ellis
|
|
Pitching: LHP Caleb Mullinax
|
|
|
Batting: LHB Victor Ferrermena
|
0-0: Ball 1-0: Ground out 5-3 (Groundball, 6, EV 86.3 MPH)
|
|
Batting: RHB Oscar Chairez
|
0-0: Swinging Strike 0-1: Called Strike 0-2: Ball 1-2: Ground out 5-3 (Groundball, 5, EV 90.6 MPH)
|
|
Batting: LHB Adam Barry
|
0-0: Ball 1-0: Foul Ball, location: 2F 1-1: Ball 2-1: Swinging Strike 2-2: Ball 3-2: Foul Ball, location: 2F 3-2: Foul Ball, location: 2F 3-2: Strikes out swinging
|
| Bottom of the 9th over - 0 runs, 0 hits, 0 errors, 0 left on base; Salem-Keizer 3 - Brooklyn 0 |
|